 Dungeon Crawl Stone Soup version 0.30-a0-371-gad7725a93e (webtiles) character file.

Game seed: 6528120050430248196

91 arthad the Grasshopper (level 4, -2/38 HPs)
             Began as a Gnoll Warper on Nov 20, 2022.
             Slain by a crimson imp (3 damage)
             ... summoned by Natasha
             ... on level 3 of the Dungeon.
             The game lasted 00:03:42 (2524 turns).

arthad the Grasshopper (Gnoll Warper)               Turns: 2524, Time: 00:03:43

Health: -2/38      AC:  3    Str: 10    XL:     4   Next: 57%
Magic:  11/11      EV: 13    Int: 14    God:
Gold:   82         SH:  0    Dex: 12    Spells: 13/13 levels left

rFire   . . .      SeeInvis .    a - +0 hand axe
rCold   . . .      Faith    .    (no shield)
rNeg    . . .      Spirit   .    b - +0 leather armour
rPois   .          Reflect  .    (no helmet)
rElec   .          Harm     .    (no cloak)
rCorr   .          Rampage  .    (no gloves)
Will    .....                    (no boots)
Stlth   +.........               (no amulet)
HPRegen 0.26/turn                (no ring)
MPRegen 0.12/turn                (no ring)

@: no status effects
A: fangs 1, strong nose, distributed training
a: no special abilities


You were on level 3 of the Dungeon.
You visited 1 branch of the dungeon, and saw 3 of its levels.

You collected 132 gold pieces.
You spent 50 gold pieces at shops.

Inventory:

Hand Weapons
 a - a +0 hand axe (weapon)
Missiles
 d - 7 boomerangs of dispersal (quivered)
Armour
 b - a +0 leather armour (worn)
Scrolls
 c - a scroll of blinking
 e - a scroll of enchant weapon {unknown}
 f - a scroll of poison {unknown}
 g - a scroll of silence {unknown}
 h - 3 scrolls of teleportation {unknown}
 i - a scroll of noise {unknown}
 j - 6 scrolls of identify {unknown}
 m - 3 scrolls of magic mapping {unknown}
 o - 2 scrolls of vulnerability {unknown}
Potions
 k - a potion of heal wounds
 l - a potion of lignification {unknown}
 n - a potion of berserk rage {unknown}


   Skills:
 + Level 4.7 Fighting
 + Level 1.2 Short Blades
 + Level 1.2 Long Blades
 + Level 4.7 Axes
 + Level 1.2 Maces & Flails
 + Level 1.2 Polearms
 + Level 1.2 Staves
 + Level 1.2 Ranged Weapons
 + Level 2.8 Throwing
 + Level 2.8 Armour
 + Level 4.7 Dodging
 + Level 1.2 Stealth
 + Level 1.2 Shields
 + Level 1.2 Unarmed Combat
 + Level 5.1 Spellcasting
 + Level 1.0 Conjurations
 + Level 1.0 Hexes
 + Level 1.0 Summonings
 + Level 1.0 Necromancy
 + Level 5.5 Translocations
 + Level 1.0 Transmutations
 + Level 1.0 Fire Magic
 + Level 1.0 Ice Magic
 + Level 1.0 Air Magic
 + Level 1.0 Earth Magic
 + Level 1.0 Poison Magic
 + Level 1.3 Invocations
 + Level 1.2 Evocations


You had 13 spell levels left.
You didn't know any spells.
Your spell library contained the following spells:

 Spells                   Type           Power      Damage    Failure   Level
 Blink                    Tloc           36%        N/A       3%          2
 Lesser Beckoning         Tloc           36%        N/A       7%          3
 Teleport Other           Tloc           18%        N/A       7%          3
 Vhi's Electric Charge    Tloc/Air       24%        N/A       19%         3
 Manifold Assault         Tloc           18%        N/A       24%         4


Dungeon Overview and Level Annotations

Branches:
Dungeon (3/15)

Altars:

Shops:
D:1 *   D:3 :

Annotations:
D:3 Natasha


Innate Abilities, Weirdness & Mutations

You have very sharp teeth.
Your uncanny sense of smell can sniff out nearby items.
Your experience applies equally to all skills.


Message History

You closely miss Natasha. Your bite misses Natasha.
Natasha is severely wounded.
You hit the crimson imp. Natasha completely misses you.
The crimson imp hits you.
You barely miss Natasha. You bite Natasha, but do no damage.
Natasha is severely wounded.
You hit the crimson imp. Natasha claws you.
The crimson imp hits you but does no damage.
You closely miss Natasha.
Natasha is severely wounded.
You closely miss the crimson imp. Natasha claws you but does no damage.
The crimson imp hits you but does no damage.
You closely miss Natasha.
Natasha is severely wounded.
You closely miss the crimson imp. Natasha claws you. The crimson imp hits you.
You hit Natasha.
Natasha is almost dead.
You barely miss the crimson imp.
Natasha stares at you and mumbles some strange words.
The magic dart hits you!
The crimson imp grinds its teeth.
The crimson imp hits you.
* * * LOW HITPOINT WARNING * * *
Unknown command.
You hit Natasha but do no damage.
Natasha is almost dead.
You hit the crimson imp. Natasha casts a spell at you. The magic dart hits you!
* * * LOW HITPOINT WARNING * * *
The crimson imp misses you.
Unknown command.
Unknown command.
You closely miss Natasha.
Natasha is almost dead.
You hit the crimson imp but do no damage.
Natasha claws you.
* * * LOW HITPOINT WARNING * * *
The crimson imp hits you.
You die...

##..#.# ##..##.#
#####...#..#
#.......#.##
#.........#
#..8.8...##
############...>....#
...$..........8.8...#
##....@###.......†.#
#...h5# #.[....)..#
......... #..#####†.#
.##......###.# #.##
!.......#...#####.#
.#######...........#
........#.##
...........#####
...##.........


You could see Natasha and a crimson imp (summoned).

Vanquished Creatures
  3 adders
  A worm (D:2)
  2 dart slugs (D:2)
  6 ball pythons
  3 endoplasms
  A giant cockroach (D:3)
  7 hobgoblins
  4 quokkas
  8 bats
  3 frilled lizards
  7 goblins
  6 kobolds
  5 rats
  3 butterflies (D:1)
59 creatures vanquished.

Vanquished Creatures (others)
  5 plants (D:1)
5 creatures vanquished.

Grand Total: 64 creatures vanquished

Notes
Turn   | Place    | Note
-------+----------+-------------------------------------------
     0 | D:1      | arthad the Gnoll Warper began the quest for the Orb.
     0 | D:1      | Reached XP level 1. HP: 20/20 MP: 6/6
   181 | D:1      | Found Dorr's General Store.
   278 | D:1      | Reached XP level 2. HP: 26/26 MP: 7/7
   783 | D:1      | Reached skill level 5 in Spellcasting
   783 | D:1      | Reached XP level 3. HP: 28/31 MP: 7/9
  1209 | D:1      | Bought a potion of heal wounds for 50 gold pieces
  1422 | D:2      | Reached skill level 1 in Invocations
  1502 | D:2      | Reached skill level 1 in Short Blades
  1502 | D:2      | Reached skill level 1 in Long Blades
  1502 | D:2      | Reached skill level 1 in Maces & Flails
  1502 | D:2      | Reached skill level 1 in Polearms
  1502 | D:2      | Reached skill level 1 in Staves
  1502 | D:2      | Reached skill level 1 in Ranged Weapons
  1502 | D:2      | Reached skill level 1 in Stealth
  1502 | D:2      | Reached skill level 1 in Shields
  1502 | D:2      | Reached skill level 1 in Unarmed Combat
  1502 | D:2      | Reached skill level 1 in Evocations
  1894 | D:2      | Reached XP level 4. HP: 32/38 MP: 11/11
  2370 | D:3      | Found Lufiela's Book Shop.
  2372 | D:3      | Reached skill level 1 in Conjurations
  2372 | D:3      | Reached skill level 1 in Hexes
  2372 | D:3      | Reached skill level 1 in Summonings
  2372 | D:3      | Reached skill level 1 in Necromancy
  2372 | D:3      | Reached skill level 1 in Transmutations
  2372 | D:3      | Reached skill level 1 in Fire Magic
  2372 | D:3      | Reached skill level 1 in Ice Magic
  2372 | D:3      | Reached skill level 1 in Air Magic
  2372 | D:3      | Reached skill level 1 in Earth Magic
  2372 | D:3      | Reached skill level 1 in Poison Magic
  2511 | D:3      | Noticed Natasha
  2524 | D:3      | HP: 1/38 [Natasha (2)]
  2524 | D:3      | Slain by a crimson imp

Illustrated notes

Levels and vault maps discovered:
D:1:      spicycebolla_arrival_transporter_tutorial, layout_loops_corners,
          serial_shops, shop, corexii_hall_statues_t, serial_bayou_pond_a,
          minmay_curled_crystal, amcnicky_mini_rare_corridor_liquid,
          st_stairs_3, hangedman_glass_garden
D:2:      layout_loops_corners, kennysheep_generic_room_12
D:3:      layout_loops_ring, serial_shops, nicolae_shop_hallway_stairs,
          minivault_11, st_stairs_14, minmay_diced_spiral, uniq_jessica,
          uniq_natasha

Skill      XL: |  1  2  3  4 |
---------------+-------------+-----
Spellcasting   | 5 |  5.1
Invocations    | 1 |  1.3
Short Blades   | 1 |  1.2
Long Blades    | 1 |  1.2
Maces & Flails | 1 |  1.2
Polearms       | 1 |  1.2
Staves         | 1 |  1.2
Ranged Weapons | 1 |  1.2
Stealth        | 1 |  1.2
Shields        | 1 |  1.2
Unarmed Combat | 1 |  1.2
Evocations     | 1 |  1.2
Conjurations   | 1 |  1.0
Hexes          | 1 |  1.0
Summonings     | 1 |  1.0
Necromancy     | 1 |  1.0
Transmutations | 1 |  1.0
Fire Magic     | 1 |  1.0
Ice Magic      | 1 |  1.0
Air Magic      | 1 |  1.0
Earth Magic    | 1 |  1.0
Poison Magic   | 1 |  1.0
Fighting       | |  4.7
Axes           | |  4.7
Throwing       | |  2.8
Armour         | |  2.8
Dodging        | |  4.7
Translocations | |  5.5

Action                   |  1- 3 |  4- 6 || total
-------------------------+-------+-------++-------
Melee: Hand axe          |   176 |    52 ||   228
       Bite              |    16 |     5 ||    21
       Punch             |     1 |       ||     1
 Stab: Sleeping          |     2 |     2 ||     4
Armor: Leather armour    |    52 |     5 ||    57
Dodge: Dodged            |   128 |    22 ||   150

Table legend: (Time is in decaauts)
 A = Elapsed time spent in this place.
 B = Non-inter-level travel time spent in this place.
 C = Inter-level travel time spent in this place.
 D = Time resting spent in this place.
 E = Time spent auto-exploring this place.
 F = Levels seen in this place.
 G = Mean time per level.
                   A        B        C        D        E       F      G
               +--------+--------+--------+--------+--------+-----+--------+
         Total |   2542 |   2435 |    107 |    128 |   1841 |   3 |  847.3 |
       Dungeon |   2542 |   2435 |    107 |    128 |   1841 |   3 |  847.3 |
               +--------+--------+--------+--------+--------+-----+--------+

Top non-repeatable levels by time:
     D:1: 1227 daAuts
     D:2: 1159 daAuts
     D:3: 155 daAuts
